[Event "XXIX Cracovia 2018"]
[Site "Krakow"]
[Date "2018.12.29"]
[Round "4"]
[White "Jaroch, Karol"]
[Black "Paszewski, Mateusz"]
[Result "1/2-1/2"]
[ECO "A12"]
[WhiteElo "2259"]
[BlackElo "2342"]
[Annotator "NA"]
[PlyCount "40"]
[EventDate "2018.12.27"]
[EventType "swiss"]
[EventCountry "POL"]
[SourceTitle "playchess.com"]
[Source "ChessBase"]
[SourceQuality "1"]
[TimeControl "40/5400+30:1800+30"]

1. c4 c6 2. Nf3 d5 3. b3 Nf6 4. Bb2 Bg4 5. e3 e6 6. Be2 Nbd7 7. O-O Bd6 8. d4 Qb8 9. Nbd2 O-O 10. h3 Bxf3 11. Bxf3 Bb4 12. a3 Bxd2 13. Qxd2 b5 14. cxd5 cxd5 15. Bc3 Qb7 16. Rfc1 Ne4 17. Bxe4 dxe4 18. Bb4 Rfc8 19. Rxc8+ Rxc8 20. Rc1 Rc6 1/2-1/2

[Event "XXIX Cracovia 2018"]
[Site "Krakow"]
[Date "2018.12.29"]
[Round "4"]
[White "Sahil, Tickoo"]
[Black "Dietmayer-Kraeutler, Marco"]
[Result "0-1"]
[ECO "D00"]
[WhiteElo "2224"]
[BlackElo "2311"]
[Annotator "NA"]
[PlyCount "102"]
[EventDate "2018.12.27"]
[EventType "swiss"]
[EventCountry "POL"]
[SourceTitle "playchess.com"]
[Source "ChessBase"]
[SourceQuality "1"]
[TimeControl "40/5400+30:1800+30"]

1. d4 d5 2. Bf4 Nf6 3. e3 c5 4. c3 Nc6 5. Nd2 Bf5 6. Ngf3 e6 7. Qb3 Qb6 8. Qxb6 axb6 9. Bb5 Nd7 10. Ne5 Ndxe5 11. Bxe5 Kd7 12. O-O f6 13. Bg3 Be7 14. Rfe1 Bg6 15. dxc5 bxc5 16. e4 Bd6 17. Bxd6 Kxd6 18. Rad1 Kc7 19. exd5 exd5 20. a3 Rhd8 21. Nf3 Bh5 22. Be2 Rd7 23. Rd2 Rad8 24. Kf1 d4 25. cxd4 Bxf3 26. Bxf3 Nxd4 27. Bg4 f5 28. Be2 b5 29. f4 Kb6 30. g3 Ka5 31. Bd1 Rd5 32. Kf2 g6 33. h3 b4 34. axb4+ Kxb4 35. Re3 c4 36. Re7 Nb5 37. Rxd5 Rxd5 38. Ke1 Rd3 39. Rxh7 Rxg3 40. h4 Rg2 41. h5 gxh5 42. Rf7 h4 43. Rxf5 h3 44. Rh5 h2 45. Bf3 Rxb2 46. Kf1 Nd4 47. Be4 Ne2 48. Rh3 Nxf4 49. Rh8 c3 50. Rh4 Kc5 51. Rxf4 c2 0-1

[Event "XXIX Cracovia 2018"]
[Site "Krakow"]
[Date "2018.12.29"]
[Round "4"]
[White "Adamczewski, Maciej"]
[Black "Smal, Tobiasz"]
[Result "1-0"]
[ECO "E91"]
[WhiteElo "2080"]
[BlackElo "1958"]
[Annotator "NA"]
[PlyCount "59"]
[EventDate "2018.12.27"]
[EventType "swiss"]
[EventCountry "POL"]
[SourceTitle "playchess.com"]
[Source "ChessBase"]
[SourceQuality "1"]
[TimeControl "40/5400+30:1800+30"]

1. d4 Nf6 2. c4 g6 3. Nc3 Bg7 4. Nf3 O-O 5. e4 d6 6. Be2 Na6 7. O-O e5 8. Be3 Ng4 9. Bg5 Qe8 10. Re1 h6 11. Bh4 f5 12. h3 Nf6 13. dxe5 dxe5 14. exf5 gxf5 15. Bf1 e4 16. Nd4 Qg6 17. Nde2 Nh5 18. Nd5 Qf7 19. Qc2 Be5 20. g4 fxg4 21. Qxe4 Re8 22. Ng3 Nxg3 23. Bxg3 Bf5 24. Qxe5 Rxe5 25. Rxe5 Be6 26. Rae1 Bxd5 27. cxd5 Rd8 28. hxg4 Nb4 29. Bc4 b5 30. Bb3 1-0

[Event "XXIX Cracovia 2018"]
[Site "Krakow"]
[Date "2018.12.29"]
[Round "4"]
[White "Patsia, Zviad"]
[Black "Brylski, Pawel"]
[Result "1-0"]
[ECO "A10"]
[WhiteElo "2058"]
[BlackElo "1975"]
[Annotator "NA"]
[PlyCount "47"]
[EventDate "2018.12.27"]
[EventType "swiss"]
[EventCountry "POL"]
[SourceTitle "playchess.com"]
[Source "ChessBase"]
[SourceQuality "1"]
[TimeControl "40/5400+30:1800+30"]

1. c4 f5 2. Nc3 Nf6 3. g3 e6 4. Bg2 Be7 5. d4 d6 6. Nf3 O-O 7. b3 Qe8 8. Qc2 Qh5 9. h3 Nc6 10. Bb2 a5 11. a3 Rb8 12. d5 Ne5 13. Nxe5 dxe5 14. Nb5 exd5 15. Bxe5 Bd7 16. Nxc7 Ne4 17. Nxd5 Bc5 18. e3 Rbe8 19. Qb2 f4 20. Bxf4 g5 21. Bxe4 gxf4 22. gxf4 Qh6 23. Rg1+ Kf7 24. Bg6+ 1-0

[Event "XXIX Cracovia 2018"]
[Site "Krakow"]
[Date "2018.12.29"]
[Round "4"]
[White "Budnik, Mateusz"]
[Black "Gawronski, Lukasz"]
[Result "1-0"]
[ECO "C07"]
[WhiteElo "2053"]
[BlackElo "1916"]
[Annotator "NA"]
[PlyCount "73"]
[EventDate "2018.12.27"]
[EventType "swiss"]
[EventCountry "POL"]
[SourceTitle "playchess.com"]
[Source "ChessBase"]
[SourceQuality "1"]
[TimeControl "40/5400+30:1800+30"]

1. e4 e6 2. d4 d5 3. Nd2 c5 4. Ngf3 cxd4 5. Nxd4 Nc6 6. Nxc6 bxc6 7. Bd3 Qc7 8. O-O Bd6 9. h3 Ne7 10. c4 d4 11. Nf3 c5 12. b4 O-O 13. b5 Ng6 14. a4 Nf4 15. e5 Bxe5 16. Nxe5 Qxe5 17. Qf3 Nxd3 18. Qxa8 Qf5 19. Qxa7 Qe4 20. f3 Qe2 21. b6 Ne1 22. Rf2 Qd1 23. Kh2 Qb3 24. Rb2 Qc3 25. b7 Bxb7 26. Qxb7 Nd3 27. Rbb1 Qxc4 28. Qb3 Qa6 29. Bd2 Qd6+ 30. f4 Nxf4 31. Bxf4 Qxf4+ 32. Qg3 Qe4 33. a5 e5 34. Re1 Qc2 35. Qxe5 d3 36. a6 d2 37. Red1 1-0

[Event "XXIX Cracovia 2018"]
[Site "Krakow"]
[Date "2018.12.29"]
[Round "4"]
[White "Warchol, Bartosz"]
[Black "Jablonska, Sabina"]
[Result "1-0"]
[ECO "D11"]
[WhiteElo "1975"]
[BlackElo "1964"]
[Annotator "NA"]
[PlyCount "63"]
[EventDate "2018.12.27"]
[EventType "swiss"]
[EventCountry "POL"]
[SourceTitle "playchess.com"]
[Source "ChessBase"]
[SourceQuality "1"]
[TimeControl "40/5400+30:1800+30"]

1. d4 d5 2. c4 c6 3. Nf3 a6 4. e3 Nf6 5. Nc3 b5 6. b3 Bg4 7. Bd3 e6 8. Qc2 Bxf3 9. gxf3 Be7 10. Bb2 Nbd7 11. O-O O-O 12. Ne2 Bd6 13. Kh1 Re8 14. f4 Nf8 15. Ng1 Ng6 16. Nf3 Nd7 17. Rg1 f5 18. Ng5 Ndf8 19. Qe2 Ra7 20. Qh5 h6 21. Nf3 Kh7 22. Rg2 Qf6 23. Rag1 Ree7 24. Ng5+ Kg8 25. Nxe6 Rf7 26. Rxg6 Nxg6 27. Rxg6 Qe7 28. Bxf5 bxc4 29. Qxh6 cxb3 30. Ng5 Qb7 31. Qh7+ Kf8 32. Re6 1-0

[Event "XXIX Cracovia 2018"]
[Site "Krakow"]
[Date "2018.12.29"]
[Round "4"]
[White "Zianowicz, Dominik"]
[Black "Jankowiak, Tomasz"]
[Result "1/2-1/2"]
[ECO "D10"]
[WhiteElo "1969"]
[BlackElo "2070"]
[Annotator "NA"]
[PlyCount "70"]
[EventDate "2018.12.27"]
[EventType "swiss"]
[EventCountry "POL"]
[SourceTitle "playchess.com"]
[Source "ChessBase"]
[SourceQuality "1"]
[TimeControl "40/5400+30:1800+30"]

1. d4 d5 2. c4 c6 3. Nc3 Nf6 4. cxd5 cxd5 5. Bf4 Nc6 6. e3 a6 7. Bd3 Bg4 8. f3 Bh5 9. Rc1 e6 10. Nge2 Bd6 11. O-O Bg6 12. Na4 Bxd3 13. Qxd3 Bxf4 14. Nxf4 Nd7 15. Qa3 Qe7 16. Qxe7+ Kxe7 17. Nd3 Rhc8 18. Ndc5 Nxc5 19. Nxc5 b6 20. Nd3 a5 21. Rc3 Nb4 22. Rfc1 Rxc3 23. Rxc3 Nxd3 24. Rxd3 Rc8 25. Kf1 Rc1+ 26. Ke2 Rg1 27. Kf2 Ra1 28. Rb3 Rxa2 29. Rxb6 a4 30. Kg3 Ra1 31. Ra6 h5 32. h4 Rb1 33. Rxa4 Rxb2 34. e4 dxe4 35. fxe4 Rd2 1/2-1/2

[Event "XXIX Cracovia 2018"]
[Site "Krakow"]
[Date "2018.12.29"]
[Round "4"]
[White "Szwaj, Jacek"]
[Black "Kumor, Lukasz"]
[Result "0-1"]
[ECO "B33"]
[WhiteElo "1968"]
[BlackElo "2040"]
[Annotator "NA"]
[PlyCount "118"]
[EventDate "2018.12.27"]
[EventType "swiss"]
[EventCountry "POL"]
[SourceTitle "playchess.com"]
[Source "ChessBase"]
[SourceQuality "1"]
[TimeControl "40/5400+30:1800+30"]

1. e4 c5 2. Nf3 Nc6 3. d4 cxd4 4. Nxd4 Nf6 5. Nc3 e5 6. Ndb5 d6 7. Bg5 a6 8. Na3 b5 9. Nd5 Be7 10. Bxf6 Bxf6 11. c4 b4 12. Nc2 Rb8 13. b3 O-O 14. g3 Bg5 15. h4 Bh6 16. Bg2 a5 17. O-O g6 18. Qd3 f5 19. Rad1 Kh8 20. exf5 Bxf5 21. Be4 Bh3 22. Rfe1 Bg7 23. Nde3 Nd4 24. Nxd4 exd4 25. Nd5 Qd7 26. f4 Bg4 27. Rc1 Rfe8 28. c5 dxc5 29. Rxc5 a4 30. Rc7 Qe6 31. Rxg7 Kxg7 32. Qxd4+ Kh6 33. Nc7 Qe7 34. Nxe8 Rxe8 35. Kf2 Bf5 36. Kf3 axb3 37. axb3 Qe6 38. Re3 Bg4+ 39. Kf2 Qa6 40. Qd2 Bh3 41. Qe2 Qb6 42. Bf3 Bf1 43. Qe1 Qd4 44. g4 Bb5 45. g5+ Kg7 46. Qc1 Re7 47. Qe1 h6 48. gxh6+ Kxh6 49. h5 gxh5 50. Qc1 Be8 51. Ke2 Bb5+ 52. Kf2 Kg7 53. Bxh5 Qxf4+ 54. Bf3 Qh2+ 55. Bg2 Qf4+ 56. Bf3 Qd4 57. Qg1+ Kf6 58. Qc1 Qh4+ 59. Kg1 Qg3+ 0-1

[Event "XXIX Cracovia 2018"]
[Site "Krakow"]
[Date "2018.12.29"]
[Round "4"]
[White "Rysaev, Danial"]
[Black "Kvaratskhelia, Dimitri"]
[Result "1-0"]
[ECO "D35"]
[WhiteElo "1945"]
[BlackElo "1996"]
[Annotator "NA"]
[PlyCount "77"]
[EventDate "2018.12.27"]
[EventType "swiss"]
[EventCountry "POL"]
[SourceTitle "playchess.com"]
[Source "ChessBase"]
[SourceQuality "1"]
[TimeControl "40/5400+30:1800+30"]

1. d4 Nf6 2. c4 e6 3. Nc3 d5 4. cxd5 exd5 5. Bg5 Be7 6. e3 c6 7. Bd3 Nbd7 8. Qc2 O-O 9. Nge2 Re8 10. f3 Nf8 11. Bh4 b6 12. O-O c5 13. Rad1 c4 14. Bf5 Bb7 15. Bf2 g6 16. Bh3 Bd6 17. Ng3 a6 18. e4 Bf4 19. e5 Bxg3 20. Bxg3 Nh5 21. f4 f5 22. Be1 Ne6 23. Bxf5 gxf5 24. Qxf5 Nhg7 25. Qg4 h5 26. Qh3 Bc8 27. Bh4 Qd7 28. Qg3 Nf8 29. f5 Ra7 30. f6 Qc6 31. Qf3 Be6 32. fxg7 Rxg7 33. h3 Qd7 34. Bf6 Rg6 35. Qxh5 Qh7 36. Qxh7+ Kxh7 37. Ne2 Nd7 38. Nf4 Rgg8 39. Bh4 1-0

[Event "XXIX Cracovia 2018"]
[Site "Krakow"]
[Date "2018.12.30"]
[Round "5"]
[White "Hnydiuk, Aleksander"]
[Black "Reza, Wojciech"]
[Result "1-0"]
[ECO "A61"]
[WhiteElo "2409"]
[BlackElo "2287"]
[Annotator "NA"]
[PlyCount "61"]
[EventDate "2018.12.27"]
[EventType "swiss"]
[EventCountry "POL"]
[SourceTitle "playchess.com"]
[Source "ChessBase"]
[SourceQuality "1"]
[TimeControl "40/5400+30:1800+30"]

1. d4 Nf6 2. c4 c5 3. d5 e6 4. Nc3 exd5 5. cxd5 d6 6. Nf3 g6 7. Bf4 Bg7 8. e3 O-O 9. h3 a6 10. a4 Qe7 11. Nd2 Nbd7 12. Be2 Ne5 13. O-O Ne8 14. Nc4 Nxc4 15. Bxc4 b6 16. Re1 g5 17. Bg3 f5 18. f4 gxf4 19. exf4 Qf6 20. Kh2 Nc7 21. Qd3 Bd7 22. Re2 Rfb8 23. Ra3 Kf7 24. Rb3 Qd4 25. Bh4 Bf6 26. Qf3 b5 27. Nxb5 Bxb5 28. Qh5+ Kg8 29. axb5 Bxh4 30. Qxh4 Re8 31. Rd3 1-0

[Event "XXIX Cracovia 2018"]
[Site "Krakow"]
[Date "2018.12.30"]
[Round "5"]
[White "Molenda, Marcin"]
[Black "Krallis, Christos"]
[Result "1/2-1/2"]
[ECO "E06"]
[WhiteElo "2383"]
[BlackElo "2261"]
[Annotator "NA"]
[PlyCount "67"]
[EventDate "2018.12.27"]
[EventType "swiss"]
[EventCountry "POL"]
[SourceTitle "playchess.com"]
[Source "ChessBase"]
[SourceQuality "1"]
[TimeControl "40/5400+30:1800+30"]

1. d4 Nf6 2. c4 e6 3. Nf3 d5 4. g3 Be7 5. Bg2 O-O 6. O-O c6 7. Qc2 b6 8. Bf4 Bb7 9. Ne5 Nfd7 10. Rd1 Nxe5 11. dxe5 Nd7 12. Nc3 Qc8 13. h4 Rd8 14. Rac1 Nf8 15. h5 h6 16. Qb1 d4 17. Ne4 c5 18. e3 dxe3 19. Bxe3 Qc7 20. f4 Rxd1+ 21. Rxd1 Rd8 22. Kf2 Rxd1 23. Qxd1 Qd7 24. Qxd7 Nxd7 25. Nc3 Bxg2 26. Kxg2 a6 27. Kf3 g6 28. hxg6 fxg6 29. Ke4 h5 30. Bf2 Kf7 31. Ne2 Bd8 32. Nc1 Nb8 33. Nd3 Nc6 34. b3 1/2-1/2

[Event "XXIX Cracovia 2018"]
[Site "Krakow"]
[Date "2018.12.30"]
[Round "5"]
[White "Biriukov, Nikolai"]
[Black "Nowicki, Bartosz"]
[Result "1-0"]
[ECO "A46"]
[WhiteElo "2365"]
[BlackElo "2305"]
[Annotator "NA"]
[PlyCount "83"]
[EventDate "2018.12.27"]
[EventType "swiss"]
[EventCountry "POL"]
[SourceTitle "playchess.com"]
[Source "ChessBase"]
[SourceQuality "1"]
[TimeControl "40/5400+30:1800+30"]

1. d4 Nf6 2. Nf3 c5 3. c4 g6 4. Nc3 Bg7 5. e4 O-O 6. Be2 cxd4 7. Nxd4 Nc6 8. Be3 d6 9. O-O Bd7 10. f3 Nxd4 11. Bxd4 a5 12. Qd2 Bc6 13. Rfd1 Nd7 14. Be3 Nc5 15. Rab1 Qb6 16. Bf1 Rfc8 17. Qf2 Qb4 18. h4 Bxc3 19. bxc3 Qxc3 20. Bd4 Qa3 21. e5 Ne6 22. Rb3 Qa4 23. exd6 Nxd4 24. Rxd4 e5 25. Rd2 b5 26. cxb5 Bd7 27. Rb1 Rab8 28. b6 h5 29. b7 Rd8 30. Qc5 Bf5 31. Rbb2 Qf4 32. Qf2 e4 33. fxe4 Qxe4 34. Bd3 Qe5 35. Bxf5 gxf5 36. d7 Kf8 37. Rb1 Qe4 38. Qb6 Qxh4 39. Qd6+ Kg8 40. Qxb8 Rxb8 41. d8=Q+ Rxd8 42. Rxd8+ 1-0

[Event "XXIX Cracovia 2018"]
[Site "Krakow"]
[Date "2018.12.30"]
[Round "5"]
[White "Colijn, Stefan"]
[Black "Dzierzak, Radoslaw"]
[Result "0-1"]
[ECO "A05"]
[WhiteElo "2331"]
[BlackElo "2283"]
[Annotator "NA"]
[PlyCount "76"]
[EventDate "2018.12.27"]
[EventType "swiss"]
[EventCountry "POL"]
[SourceTitle "playchess.com"]
[Source "ChessBase"]
[SourceQuality "1"]
[TimeControl "40/5400+30:1800+30"]

1. Nf3 Nf6 2. d4 e6 3. g3 d5 4. Bg2 c5 5. O-O cxd4 6. Nxd4 e5 7. Nb3 Be6 8. c4 Nc6 9. cxd5 Nxd5 10. Nc3 Nxc3 11. bxc3 Qc7 12. Be3 Rd8 13. Qb1 b6 14. a4 Be7 15. a5 b5 16. Nd2 Rb8 17. f4 f5 18. g4 O-O 19. gxf5 Bxf5 20. Qa2+ Kh8 21. fxe5 Nxe5 22. Bd4 Ng4 23. Nf3 Be4 24. e3 Bg5 25. Qe2 Rbe8 26. Bh1 Bxe3+ 27. Bxe3 Bxf3 28. Rxf3 Rxf3 29. Bb6 Rxe2 30. Bxc7 Rxc3 31. Bb6 Rec2 32. Bxa7 Rc1+ 33. Rxc1 Rxc1+ 34. Kg2 Ra1 35. Bb6 b4 36. h3 b3 37. Bd4 Ra2+ 38. Kg3 Nf6 0-1

[Event "XXIX Cracovia 2018"]
[Site "Krakow"]
[Date "2018.12.30"]
[Round "5"]
[White "Licznerski, Lukasz"]
[Black "Jaroch, Karol"]
[Result "1-0"]
[ECO "C02"]
[WhiteElo "2326"]
[BlackElo "2259"]
[Annotator "NA"]
[PlyCount "55"]
[EventDate "2018.12.27"]
[EventType "swiss"]
[EventCountry "POL"]
[SourceTitle "playchess.com"]
[Source "ChessBase"]
[SourceQuality "1"]
[TimeControl "40/5400+30:1800+30"]

1. e4 e6 2. d4 d5 3. e5 c5 4. c3 Nc6 5. Nf3 Qb6 6. a3 c4 7. Nbd2 Bd7 8. g3 O-O-O 9. b3 cxb3 10. Nxb3 f6 11. Bd3 Qc7 12. O-O Nge7 13. Qe2 Ng6 14. Re1 Be7 15. h4 Rdf8 16. exf6 gxf6 17. h5 Bd6 18. hxg6 hxg6 19. c4 e5 20. cxd5 Bg4 21. Bxg6 exd4 22. dxc6 Bxg3 23. Bh6 Bh2+ 24. Kg2 Rfg8 25. Qe4 f5 26. Qe6+ Kb8 27. Nxh2 Bh3+ 28. Kf3 1-0

[Event "XXIX Cracovia 2018"]
[Site "Krakow"]
[Date "2018.12.30"]
[Round "5"]
[White "Dietmayer-Kraeutler, Marco"]
[Black "Marszalek, Maciej"]
[Result "1/2-1/2"]
[ECO "A65"]
[WhiteElo "2311"]
[BlackElo "2280"]
[Annotator "NA"]
[PlyCount "63"]
[EventDate "2018.12.27"]
[EventType "swiss"]
[EventCountry "POL"]
[SourceTitle "playchess.com"]
[Source "ChessBase"]
[SourceQuality "1"]
[TimeControl "40/5400+30:1800+30"]

1. d4 Nf6 2. c4 c5 3. d5 e6 4. Nc3 exd5 5. cxd5 d6 6. e4 g6 7. Be2 Bg7 8. h4 O-O 9. h5 a6 10. a4 Re8 11. hxg6 fxg6 12. Bg5 Qa5 13. Qd2 Nbd7 14. Nf3 b5 15. Kf1 b4 16. Nd1 Bb7 17. Qf4 Rxe4 18. Qxd6 Qb6 19. Qh2 Nf8 20. a5 Qd8 21. Ne3 Qe8 22. Bd3 Nxd5 23. Nxd5 Bxd5 24. Bxe4 Qxe4 25. Qd6 Re8 26. Kg1 Bxb2 27. Rd1 Bb3 28. Rd3 Re6 29. Qd8 Re8 30. Qd6 Re6 31. Qd8 Re8 32. Qd6 1/2-1/2

[Event "XXIX Cracovia 2018"]
[Site "Krakow"]
[Date "2018.12.30"]
[Round "5"]
[White "Lee, Qing Aun"]
[Black "Lewtak, Damian"]
[Result "1/2-1/2"]
[ECO "C41"]
[WhiteElo "2297"]
[BlackElo "2393"]
[Annotator "NA"]
[PlyCount "22"]
[EventDate "2018.12.27"]
[EventType "swiss"]
[EventCountry "POL"]
[SourceTitle "playchess.com"]
[Source "ChessBase"]
[SourceQuality "1"]
[TimeControl "40/5400+30:1800+30"]

1. e4 d6 2. d4 Nf6 3. Nc3 e5 4. Nf3 Nbd7 5. Bc4 Be7 6. O-O O-O 7. a4 c6 8. Ba2 Qc7 9. Re1 Rb8 10. h3 b5 11. b4 bxa4 1/2-1/2

[Event "XXIX Cracovia 2018"]
[Site "Krakow"]
[Date "2018.12.30"]
[Round "5"]
[White "Roshka, Yevgeniy"]
[Black "Galperin, Platon"]
[Result "1/2-1/2"]
[ECO "A06"]
[WhiteElo "2293"]
[BlackElo "2363"]
[Annotator "NA"]
[PlyCount "90"]
[EventDate "2018.12.27"]
[EventType "swiss"]
[EventCountry "POL"]
[SourceTitle "playchess.com"]
[Source "ChessBase"]
[SourceQuality "1"]
[TimeControl "40/5400+30:1800+30"]

1. Nf3 d5 2. g3 Bg4 3. Bg2 Nd7 4. d4 e6 5. O-O Ngf6 6. Nbd2 Be7 7. c4 c6 8. b3 O-O 9. h3 Bh5 10. Ne1 c5 11. Bb2 cxd4 12. Bxd4 e5 13. Bb2 d4 14. Nd3 Qb6 15. Kh2 Rfe8 16. Rc1 Bc5 17. Ne4 Nxe4 18. Bxe4 Rad8 19. Qd2 Nf6 20. Nxc5 Qxc5 21. Bg2 Bg6 22. b4 Qc7 23. e3 Rd7 24. exd4 exd4 25. Rfe1 Rxe1 26. Rxe1 h5 27. c5 h4 28. Qg5 hxg3+ 29. fxg3 Qd8 30. c6 bxc6 31. Bxc6 Re7 32. Rxe7 Qxe7 33. Qd2 d3 34. Bf3 Qe6 35. a4 Nd5 36. Qg5 Nf6 37. Qd2 Nd5 38. Qg5 Ne7 39. Qe5 Nf5 40. Qxe6 fxe6 41. Kg2 Ne3+ 42. Kf2 Nc4 43. Bc3 d2 44. Ke2 Bc2 45. Bxd2 Nxd2 1/2-1/2

[Event "XXIX Cracovia 2018"]
[Site "Krakow"]
[Date "2018.12.30"]
[Round "5"]
[White "Marczuk, Dominik"]
[Black "Goumas, Georgios"]
[Result "0-1"]
[ECO "A45"]
[WhiteElo "2274"]
[BlackElo "2378"]
[Annotator "NA"]
[PlyCount "94"]
[EventDate "2018.12.27"]
[EventType "swiss"]
[EventCountry "POL"]
[SourceTitle "playchess.com"]
[Source "ChessBase"]
[SourceQuality "1"]
[TimeControl "40/5400+30:1800+30"]

1. d4 Nf6 2. Nc3 d5 3. Bf4 a6 4. e3 Bf5 5. f3 e6 6. g4 Bg6 7. h4 h5 8. g5 Nfd7 9. Bd3 Bxd3 10. Qxd3 g6 11. O-O-O Bg7 12. e4 c6 13. Nge2 b5 14. Rhe1 Nb6 15. Bg3 b4 16. Nb1 O-O 17. Nd2 c5 18. dxc5 Na4 19. e5 Nxc5 20. Qe3 Nbd7 21. Kb1 Qc7 22. Nd4 Rfb8 23. Rc1 Na4 24. f4 Ndb6 25. f5 Nxb2 26. Kxb2 gxf5 27. Ka1 Na4 28. Nb1 Nc5 29. c4 b3 30. Nxb3 Rxb3 31. axb3 d4 32. Qf3 Rb8 33. Kb2 Rxb3+ 34. Qxb3 Nxb3 35. Kxb3 Qb7+ 36. Ka4 Bf8 37. c5 Qb5+ 38. Ka3 Bxc5+ 39. Ka2 Qa4+ 40. Kb2 Qb5+ 41. Ka2 d3 42. Na3 Qa5 43. Rxc5 Qxc5 44. Rd1 Qe3 45. Be1 Qe2+ 46. Rd2 Qxe1 47. Nc4 Qxh4 0-1

[Event "XXIX Cracovia 2018"]
[Site "Krakow"]
[Date "2018.12.30"]
[Round "5"]
[White "Kusnetsov, Sergey"]
[Black "Lewicki, Miroslaw"]
[Result "0-1"]
[ECO "A15"]
[WhiteElo "2257"]
[BlackElo "2347"]
[Annotator "NA"]
[PlyCount "79"]
[EventDate "2018.12.27"]
[EventType "swiss"]
[EventCountry "POL"]
[SourceTitle "playchess.com"]
[Source "ChessBase"]
[SourceQuality "1"]
[TimeControl "40/5400+30:1800+30"]

1. c4 Nf6 2. Nf3 e6 3. g3 b6 4. Bg2 Bb7 5. O-O Be7 6. d4 O-O 7. d5 exd5 8. Nh4 c6 9. cxd5 Nxd5 10. Nf5 Nc7 11. Nc3 d5 12. e4 dxe4 13. Qxd8 Bxd8 14. Nxe4 Nd5 15. Rd1 Nd7 16. b4 N7f6 17. Ned6 Bc8 18. b5 Be6 19. bxc6 Bc7 20. Ba3 Rfd8 21. g4 g6 22. Nb5 Be5 23. Ne7+ Nxe7 24. Bxe7 Re8 25. Bxf6 Bxf6 26. c7 Rac8 27. Rac1 Bg5 28. Rc2 Bxg4 29. Rf1 Bf5 30. Rc3 Bf6 31. Ra3 Re5 32. Bb7 Rxb5 33. Bxc8 Bxc8 34. Rxa7 Rc5 35. Rd1 Kg7 36. f4 Rc2 37. Rd3 Bf5 38. Rd5 Bh4 39. Re5 Bh3 40. c8=Q 0-1

[Event "XXIX Cracovia 2018"]
[Site "Krakow"]
[Date "2018.12.30"]
[Round "5"]
[White "Kokoszczynski, Jan"]
[Black "Heinzel, Olaf"]
[Result "1/2-1/2"]
[ECO "B01"]
[WhiteElo "2242"]
[BlackElo "2326"]
[Annotator "NA"]
[PlyCount "69"]
[EventDate "2018.12.27"]
[EventType "swiss"]
[EventCountry "POL"]
[SourceTitle "playchess.com"]
[Source "ChessBase"]
[SourceQuality "1"]
[TimeControl "40/5400+30:1800+30"]

1. e4 d5 2. exd5 Qxd5 3. Nc3 Qd6 4. d4 Nf6 5. Nf3 c6 6. g3 Bg4 7. Bg2 e6 8. h3 Bxf3 9. Bxf3 Qc7 10. Be3 Nbd7 11. Qe2 Bd6 12. Bg2 O-O 13. O-O Nb6 14. Rfd1 Nbd5 15. Nxd5 cxd5 16. c3 Rab8 17. a4 Rfc8 18. Bd2 Qd7 19. Qd3 Bc7 20. b3 Ba5 21. Rac1 Ne8 22. Bf4 Bc7 23. Be3 Nd6 24. c4 dxc4 25. bxc4 Nf5 26. d5 Nxe3 27. Qxe3 exd5 28. Bxd5 Qxa4 29. Ra1 Qb4 30. Rdb1 Qd6 31. Rxa7 b5 32. Qf3 Qc5 33. Ra2 bxc4 34. Rc1 Qe7 35. Bxc4 1/2-1/2

[Event "XXIX Cracovia 2018"]
[Site "Krakow"]
[Date "2018.12.30"]
[Round "5"]
[White "Ustinov, Alexey"]
[Black "Zakrzewski, Marek"]
[Result "1-0"]
[ECO "A04"]
[WhiteElo "2232"]
[BlackElo "2311"]
[Annotator "NA"]
[PlyCount "56"]
[EventDate "2018.12.27"]
[EventType "swiss"]
[EventCountry "POL"]
[SourceTitle "playchess.com"]
[Source "ChessBase"]
[SourceQuality "1"]
[TimeControl "40/5400+30:1800+30"]

1. Nf3 c5 2. c4 Nc6 3. Nc3 g6 4. e3 Nf6 5. d4 cxd4 6. exd4 d5 7. cxd5 Nxd5 8. Qb3 e6 9. Bb5 Bg7 10. Bg5 f6 11. Bd2 O-O 12. h4 a6 13. Bxc6 bxc6 14. Ne4 e5 15. dxe5 Bg4 16. exf6 Bxf6 17. Bg5 Qe8 18. Nfd2 Rb8 19. Qg3 Bf5 20. O-O Bxe4 21. Rae1 Be5 22. f4 Bd4+ 23. Kh2 Ne3 24. Rxe3 Bxe3 25. Qxe3 Bd5 26. Qd4 Qf7 27. f5 gxf5 28. Bh6 Qg6 1-0

[Event "XXIX Cracovia 2018"]
[Site "Krakow"]
[Date "2018.12.30"]
[Round "5"]
[White "Lukasiewicz, Krzysztof"]
[Black "Zylka, Stanislaw"]
[Result "1/2-1/2"]
[ECO "A45"]
[WhiteElo "2223"]
[BlackElo "2305"]
[Annotator "NA"]
[PlyCount "65"]
[EventDate "2018.12.27"]
[EventType "swiss"]
[EventCountry "POL"]
[SourceTitle "playchess.com"]
[Source "ChessBase"]
[SourceQuality "1"]
[TimeControl "40/5400+30:1800+30"]

1. d4 Nf6 2. Bf4 e6 3. e3 c5 4. Nf3 d5 5. c3 Nc6 6. Nbd2 cxd4 7. exd4 Nh5 8. Be3 Bd6 9. Ne5 g6 10. g4 Nf6 11. Nxc6 bxc6 12. h4 h5 13. gxh5 Nxh5 14. Nf3 Rb8 15. Qd2 Qb6 16. Rb1 Ba6 17. Bh3 Qb5 18. Bf1 Qa5 19. b3 Bxf1 20. Kxf1 Qc7 21. Re1 a5 22. Qc2 Ng7 23. Bg5 Rh5 24. Bf6 Nf5 25. Rg1 c5 26. Qe2 cxd4 27. cxd4 Qc6 28. Rg5 Rxg5 29. hxg5 Qb5 30. Qxb5+ Rxb5 31. Kg2 a4 32. bxa4 Ra5 33. Rh1 1/2-1/2

[Event "XXIX Cracovia 2018"]
[Site "Krakow"]
[Date "2018.12.30"]
[Round "5"]
[White "Kusnetsov, Igor"]
[Black "Nikitin, Aleksander I"]
[Result "0-1"]
[ECO "A10"]
[WhiteElo "2094"]
[BlackElo "2031"]
[Annotator "NA"]
[PlyCount "68"]
[EventDate "2018.12.27"]
[EventType "swiss"]
[EventCountry "POL"]
[SourceTitle "playchess.com"]
[Source "ChessBase"]
[SourceQuality "1"]
[TimeControl "40/5400+30:1800+30"]

1. c4 f5 2. Nc3 Nf6 3. d4 d6 4. Nf3 c6 5. Bg5 g6 6. Bxf6 exf6 7. e3 h5 8. Bd3 Na6 9. Nh4 Kf7 10. Qb3 Bh6 11. O-O-O Qa5 12. a3 Rb8 13. Kb1 Be6 14. d5 cxd5 15. cxd5 Bd7 16. Bb5 Qb6 17. Nf3 Nc7 18. Ba4 Qxb3 19. Bxb3 b5 20. Ne2 b4 21. a4 Na6 22. Bc4 Nc5 23. b3 Rhc8 24. Nfd4 Ne4 25. Rhf1 Rc7 26. Nc6 Re8 27. Nxb4 Rxc4 28. bxc4 Rb8 29. Kc1 Rxb4 30. a5 Rxc4+ 31. Kb2 Rb4+ 32. Ka3 Ra4+ 33. Kb2 Bb5 34. Rfe1 Nxf2 0-1

[Event "XXIX Cracovia 2018"]
[Site "Krakow"]
[Date "2018.12.30"]
[Round "5"]
[White "Siprashvili, Ivane"]
[Black "Zianowicz, Dominik"]
[Result "1-0"]
[ECO "A06"]
[WhiteElo "2074"]
[BlackElo "1969"]
[Annotator "NA"]
[PlyCount "101"]
[EventDate "2018.12.27"]
[EventType "swiss"]
[EventCountry "POL"]
[SourceTitle "playchess.com"]
[Source "ChessBase"]
[SourceQuality "1"]
[TimeControl "40/5400+30:1800+30"]

1. Nf3 d5 2. g3 c5 3. c4 d4 4. b4 cxb4 5. a3 b3 6. Qxb3 Nc6 7. d3 e5 8. Bg2 Qc7 9. O-O Bd6 10. e3 dxe3 11. Bxe3 Nf6 12. Nc3 a6 13. Rfc1 Qe7 14. Bg5 O-O 15. Nd5 Qe6 16. Bxf6 gxf6 17. Qb6 Ne7 18. Nd2 f5 19. Nc7 Bxc7 20. Qxc7 Nc6 21. Nb3 Qd7 22. Qxd7 Bxd7 23. Nc5 Be6 24. Bxc6 bxc6 25. Rab1 Rfb8 26. f4 e4 27. Nxe6 fxe6 28. dxe4 fxe4 29. Kf2 a5 30. Ke3 a4 31. Kxe4 Rb3 32. Rxb3 axb3 33. Ra1 Kf7 34. Kd4 b2 35. Rb1 h5 36. Rxb2 Rxa3 37. Kc5 h4 38. gxh4 Rf3 39. Kxc6 Rxf4 40. c5 Rxh4 41. Kb7 e5 42. c6 e4 43. c7 Rh8 44. c8=Q Rxc8 45. Kxc8 Ke6 46. Re2 Kd5 47. h4 Kd4 48. h5 Kd3 49. Rh2 e3 50. h6 e2 51. Rxe2 1-0